 Dungeon Crawl Stone Soup version 0.31.0-12-g77e489cdc1 (webtiles) character file.

Game seed: 8741554427275446228

1947 Arctor the Magician (level 8, -4/41 HPs)
             Began as a Deep Elf Fire Elementalist on Feb 22, 2024.
             Was an Initiate of Sif Muna.
             Slain by Maurice
             ... wielding a +0 short sword
              (7 damage)
             ... on level 7 of the Dungeon.
             The game lasted 00:09:20 (8223 turns).

Arctor the Magician (Deep Elf Fire Elementalist)    Turns: 8223, Time: 00:09:20

Health: -4/41      AC:  0    Str:  5    XL:     8   Next: 98%
Magic:  0/22       EV: 17    Int: 23    God:    Sif Muna [......]
Gold:   639        SH:  0    Dex: 15    Spells: 15/21 levels left

rFire   . . .        j - melded +2 mace (protect)
rCold   . . .        (shield currently unavailable)
rNeg    . . .        f - melded +1 leather armour "Laghakki" {rF+++ rN+ Int-2 Dex-3}
rPois   .            (helmet currently unavailable)
rElec   .            (cloak currently unavailable)
rCorr   .            C - melded +1 pair of gloves
SInv    .            i - melded +0 pair of boots
Will    .....        u - amulet of guardian spirit
Stlth   ++++         g - melded ring of magical power
HPRegen 0.26/turn    e - melded +5 ring of evasion
MPRegen 0.18/turn

%: guardian spirit
@: mighty, pig-form (expiring), on berserk cooldown, slowed
A: fast, no casting, small, high MP 1, subdued magic 1
a: Renounce Religion


You were on level 7 of the Dungeon.
You worshipped Sif Muna.
Sif Muna was noncommittal.
You were a filthy swine.
You visited 2 branches of the dungeon, and saw 8 of its levels.
You also visited: Ossuary.

You collected 639 gold pieces.

Inventory:

Hand Weapons
 j - a +2 mace of protection (melded)
Armour
 a - a +0 robe
 f - the +1 leather armour "Laghakki" (melded) {rF+++ rN+ Int-2 Dex-3}
   (You found it on level 2 of the Dungeon)

   Int-2:     It affects your intelligence (-2).
   Dex-3:     It affects your dexterity (-3).
   rF+++:     It renders you almost immune to fire.
   rN+:       It protects you from negative energy.
 i - a +0 pair of boots (melded)
 m - +0 steam dragon scales
 C - a +1 pair of gloves (melded)
Jewellery
 e - a +5 ring of evasion (melded)
 g - a ring of magical power (melded)
 n - a ring of protection from cold
 u - an amulet of guardian spirit (around neck)
Wands
 p - a wand of flame (11)
 A - a wand of quicksilver (3)
Scrolls
 d - 4 scrolls of teleportation
 h - 2 scrolls of poison
 k - 2 scrolls of fear
 o - a scroll of noise
 q - a scroll of immolation
 t - 2 scrolls of revelation
 y - a scroll of fog
Potions
 b - a potion of magic
 c - a potion of brilliance
 l - a potion of haste
 s - 2 potions of might
 x - a potion of heal wounds {unknown}
 z - 2 potions of enlightenment {unknown}


   Skills:
 + Level 6.6 Dodging
 + Level 7.0 Stealth
 + Level 7.3 Spellcasting
 + Level 5.6 Conjurations
 + Level 6.4 Fire Magic
 + Level 2.3 Invocations


You had 15 spell levels left.
You knew the following spells:

 Your Spells              Type           Power      Damage    Failure   Level
a - Foxfire               Conj/Fire      100%       2x1d9     1%          1
b - Scorch                Fire           58%        2d7       1%          2
c - Volatile Blastmotes   Fire/Tloc      34%        2d12      4%          3

Your spell library contained the following spells:

 Spells                   Type           Power      Damage    Failure   Level
 Inner Flame              Hex/Fire       17%        N/A       4%          3
 Flame Wave               Conj/Fire      27%        2d9       4%          4
 Call Canine Familiar     Summ           6%         N/A       19%         3
 Sigil of Binding         Hex            6%         N/A       19%         3
 Dimensional Bullseye     Hex/Tloc       3%         N/A       54%         4


Dungeon Overview and Level Annotations

Branches:
Dungeon (7/15)             Temple (1/1) D:5         Ossuary (visited)

Altars:
Ashenzari
Cheibriados
Dithmenos
Elyvilon
Fedhas
Gozag
Hepliaklqana
Kikubaaqudgha
Makhleb
Nemelex Xobeh
Okawaru
Qazlal
Ru
Sif Muna
Trog
Uskayaw
Vehumet
Wu Jian
Xom
Yredelemnul
Zin
The Shining One

Shops:
D:3 :

Annotations:
D:3 1 runed translucent door, Crazy Yiuf
D:7 Maurice


Innate Abilities, Weirdness & Mutations

You are a filthy swine.
You move quickly.
Your equipment is almost entirely melded.
You are incapable of wielding weapons or throwing items.
You cannot cast spells.
You have an increased reservoir of magic. (+10% MP)
Your spells are a little easier to cast, but a little less powerful.


Message History

You closely miss the wyvern.
The wyvern is almost dead.
The wyvern misses you.
You bite the wyvern!
You kill the wyvern!
Sif Muna accepts your kill.
Your Stealth skill increases to level 7!
Maurice says, "Nice gear.
Can I borrow some?"
You feel a strong urge to attack something.
Maurice hits you with a +0 short sword!
* * * LOW HITPOINT WARNING * * *
Maurice steals your +6 ring of dexterity!
Maurice puts on a +6 ring of dexterity.
Maurice barely misses you.
You bite Maurice!
Maurice is lightly wounded.
You hit Maurice.
Maurice is moderately wounded.
Maurice casts a spell.
Maurice flickers and vanishes!
Deactivating autopickup; reactivate with Ctrl-A.
You miss something. You closely miss something.
You hear some strange, mumbled words.
Calm down first, please.
Calm down first, please.
You start resting.
Something closely misses you. Something bites you.
* * * LOW HITPOINT WARNING * * *
You feel your power leaking away. Something drains your magic.
You start resting.
You feel a strong urge to attack something.
You start resting.
You are no longer berserk.
You are exhausted.
You feel yourself slow down. Something barely misses you.
Something completely misses you.
You start resting.
Your transformation is almost over.
Something hits you!
You die...

#......... #......#
#.....##..
###........
##........#.
#§.####..##
#.######## ....
####........ ....# #
#.h§..#####. ....#
#.#.#####.. #...#
#.#.'....._ +....
#...#####.. #####....
##......#####........
#...##.......#......
######...#######....
###.#####...##.
#........###.


There were no monsters in sight!

Vanquished Creatures
  Sigmund (D:3)
  A wyvern (D:7)
  A steam dragon (D:6)
  4 ogres
  3 ice beasts
  A kobold brigand (D:7)
  2 bullfrogs
  2 scorpions
  A bombardier beetle (D:6)
  2 orc priests
  A sleepcap (D:6)
  Ijyb (D:4)
  3 iguanas
  3 orc wizards
  8 mummies (Ossuary)
  5 gnolls
  3 adders
  A shadow imp (D:4)
  A white imp (D:7)
  6 dart slugs
  15 orcs
  7 bats
  3 endoplasms
  3 giant cockroaches
  2 gnoll zombies (Ossuary)
  3 goblins
  2 hobgoblins (D:3)
  3 jackals (D:2)
  2 quokkas
  6 ball pythons
  A frilled lizard (D:1)
  4 hobgoblin zombies (Ossuary)
  9 kobolds
  2 orc zombies (Ossuary)
  5 rats
117 creatures vanquished.

Vanquished Creatures (others)
  722 foxfires
722 creatures vanquished.

Grand Total: 839 creatures vanquished

Notes
Turn   | Place    | Note
-------+----------+-------------------------------------------
     0 | D:1      | Arctor the Deep Elf Fire Elementalist began the quest for
                  | the Orb.
     0 | D:1      | Reached XP level 1. HP: 10/10 MP: 6/6
   291 | D:1      | Reached XP level 2. HP: 15/15 MP: 0/8
   458 | D:1      | Found a faded altar of an unknown god.
   814 | D:1      | Reached XP level 3. HP: 19/19 MP: 6/9
  1207 | D:2      | Identified the +1 leather armour "Laghakki" {rF+++ rN+
                  | Int-2 Dex-3}
  1901 | D:2      | Learned a level 2 spell: Scorch
  2494 | D:3      | Noticed a walking divine tome
  2504 | D:3      | Found Yhigau's Book Emporium.
  2506 | D:3      | Noticed a walking divine tome
  2639 | D:3      | Reached XP level 4. HP: 24/24 MP: 11/11
  2838 | D:3      | Found a runed translucent door.
  2845 | D:3      | Noticed Crazy Yiuf
  3387 | D:3      | Noticed Sigmund
  3393 | D:3      | Gained mutation: Your spells are a little easier to cast,
                  | but a little less powerful. [potion of mutation]
  3393 | D:3      | Gained mutation: You have an increased reservoir of magic.
                  | (+10% MP) [potion of mutation]
  3397 | D:3      | Killed Sigmund
  3398 | D:3      | Reached XP level 5. HP: 23/28 MP: 15/15
  3398 | D:3      | Reached XP level 6. HP: 26/32 MP: 16/16
  3856 | D:4      | Found an ornate altar of the Wu Jian Council.
  3948 | D:4      | Reached skill level 5 in Spellcasting
  3992 | D:4      | Learned a level 3 spell: Volatile Blastmotes
  4042 | D:4      | Found a sand-covered staircase.
  4051 | Ossuary  | Entered an ossuary
  4328 | Ossuary  | Reached XP level 7. HP: 36/36 MP: 18/18
  4577 | D:4      | Reached skill level 5 in Stealth
  4577 | D:4      | Reached skill level 5 in Fire Magic
  4925 | D:4      | Noticed Ijyb
  4942 | D:4      | Killed Ijyb
  5419 | D:5      | Entered Level 5 of the Dungeon
  5425 | D:5      | Reached skill level 5 in Dodging
  5829 | D:5      | Reached XP level 8. HP: 16/41 MP: 18/21
  6170 | D:5      | Found a staircase to the Ecumenical Temple.
  6503 | Temple   | Entered the Ecumenical Temple
  6517 | Temple   | Became a worshipper of Sif Muna the Loreminder
  6762 | D:6      | Found a bloodstained altar of Trog.
  6762 | D:6      | Found a sacrificial altar of Ru.
  6762 | D:6      | Found a white marble altar of Elyvilon.
  6792 | D:6      | Reached skill level 5 in Conjurations
  6913 | D:6      | Reached skill level 1 in Invocations
  7852 | D:7      | Noticed Maurice
  8171 | D:7      | Found a radiant altar of Vehumet.
  8215 | D:7      | Maurice stole a +6 ring of dexterity
  8220 | D:7      | HP: 3/61 [something (4)]
  8223 | D:7      | Slain by Maurice

Illustrated notes

Levels and vault maps discovered:
D:1:      minmay_arrival_glassed_features, layout_basic,
          ebering_ecumenical_altar_mist
D:2:      layout_loops_corners
D:3:      layout_loops_corners, serial_shops, nicolae_shop_mannequins,
          chequers_mini_garden, minmay_diced_spiral, uniq_crazy_yiuf_cottage,
          uniq_sigmund
D:4:      layout_basic, lemuel_tele_altar, serial_rivers,
          chequers_serial_rivers_small_a, chequers_serial_rivers_micro_d,
          chequers_serial_rivers_room_b, chequers_serial_rivers_micro_d,
          chequers_serial_rivers_micro_e, chequers_serial_rivers_small_a,
          mainiacjoe_ossuary_entry_dusty_tomb, uniq_ijyb
D:5:      layout_cave_pods, minmay_temple_entry_glass
D:6:      layout_loops_corners, chequers_temple_overflow_statue_of_worship,
          minmay_fountain_box
D:7:      layout_cave_pools, mainiacjoe_overflow_surrounded_room,
          nicolae_shop_i_like_big_books, uniq_maurice
Temple:   bh_familiar_temple

Skill      XL: |  1  2  3  4  5  6  7  8 |
---------------+-------------------------+-----
Dodging        | 3 4 5 6 |  6.6
Stealth        | 3 4 5 7 |  7.0
Conjurations   | 2 3 4 5 |  5.6
Spellcasting   | 4 5 6 7 |  7.3
Fire Magic     | 4 5 6 |  6.4
Invocations    | 2 |  2.3

Action                     |  1- 3 |  4- 6 |  7- 9 || total
---------------------------+-------+-------+-------++-------
  Melee: Unarmed           |     3 |       |     8 ||    11
         Mace              |       |       |     3 ||     3
   Cast: Foxfire           |   139 |   104 |   184 ||   427
         Scorch            |     3 |    12 |    43 ||    58
    Use: Scroll            |     2 |     3 |     8 ||    13
         Potion            |       |     2 |     7 ||     9
 Armour: Leather armour    |     3 |     5 |    45 ||    53
         Robe              |     1 |       |       ||     1
         Skin              |       |       |     6 ||     6
  Dodge: Dodged            |     9 |     9 |    69 ||    87
